 Dungeon Crawl Stone Soup version 0.31.0-10-gcf4a605ca0 (webtiles) character file.

Game seed: 2833423985652025369

2508193 Bobbunny the Conqueror (level 27, 298/298 HPs)
             Began as a Naga Shapeshifter on Jan 25, 2024.
             Was a High Priest of Okawaru.
             Escaped with the Orb
             ... and 4 runes on Jan 26, 2024!
             The game lasted 02:54:33 (62831 turns).

Bobbunny the Conqueror (Naga Shapeshifter)         Turns: 62831, Time: 02:54:33

Health: 298/298    AC: 35    Str: 33    XL:     27
Magic:  32/32      EV: 10    Int: 14    God:    Okawaru [*****.]
Gold:   1474       SH: 17    Dex: 12    Spells: 26/26 levels left

rFire   + +          .
                       - Unarmed
rCold   + + +        L - +5 kite shield {reflect}
rNeg    + + +        S - +2 gold dragon scales
rPois   ∞            K - +0 mask of the Dragon {Will+ Slay+3 SInv}
rElec   +            a - +1 cloak of Starlight {*Dazzle EV+4 Stlth--}
rCorr   +            y - +1 pair of gloves {hurl}
SInv    +            Z - +2 barding "Culucaj" {rC++ Will+ Regen+}
Will    +++++        D - amulet of regeneration Stlth
                     u - ring of the Hero {rF+ Will- Str+5 Slay+5 Stlth+}
HPRegen 2.29/turn    s - ring of Temptation {rElec rN+ rCorr Str+2 SInv}
MPRegen 0.23/turn

%: reflection
@: death-form, finesse-ful, studying 4 skills, very slow
A: vile attack, torment immunity, no potions, AC +9, large, see invisible,
deformed body, poison resistance, slowness 2, spit poison 1, naga tail 2
0: Orb of Zot
}: 4/15 runes: serpentine, barnacled, silver, abyssal
a: Spit Poison, Siphon Essence, Begin Untransformation, Renounce Religion,
Heroism, Finesse, Duel


You escaped.
You worshipped Okawaru.
Okawaru was extremely pleased with you.
You were an undying horror.
You visited 11 branches of the dungeon, and saw 49 of its levels.
You visited the Abyss 2 times.
You visited 1 bazaar.
You visited 1 ziggurat, and saw 11 of its levels.
You also visited: Gauntlet.

You collected 10806 gold pieces.
You spent 9332 gold pieces at shops.

Inventory:

Hand Weapons
 Y - the +7 lajatang of Order {silver, rMut}
   (You found it on level 9 of a ziggurat)

   rMut:      It protects you from mutation.
Missiles
 f - 34 poisoned darts
 o - 21 boomerangs (quivered)
 p - 26 javelins
 x - 4 throwing nets
 B - 19 curare-tipped darts
 T - 11 darts of dispersal
 W - 36 silver javelins
Armour
 a - the +1 cloak of Starlight (worn) {*Dazzle EV+4 Stlth--}
   (You bought it in a shop on level 8 of the Dungeon)

   *Dazzle:   It may blind those who miss an attack against the wearer in melee
   combat.
   EV+4:      It affects your evasion (+4).
   Stlth--:   It makes you much less stealthy.
 y - a +1 pair of gloves of hurling (worn)
 K - the +0 mask of the Dragon (worn) {Will+ Slay+3 SInv}
   (You found it on level 6 of a ziggurat)

   Slay+3:    It affects your accuracy & damage with ranged weapons and melee
   (+3).
   Will+:     It increases your willpower.
   SInv:      It lets you see invisible.
 L - a +5 kite shield of reflection (worn)
 S - +2 gold dragon scales (worn)
 Z - the +2 barding "Culucaj" (worn) {rC++ Will+ Regen+}
   (Okawaru gifted it to you in a Gauntlet)

   rC++:      It greatly protects you from cold.
   Will+:     It increases your willpower.
   Regen+:    It increases your rate of health regeneration.
Jewellery
 s - the ring of Temptation (right hand) {rElec rN+ rCorr Str+2 SInv}
   (You took it off a deep elf zephyrmancer on level 3 of the Elven Halls)

   [ring of resist corrosion]

   Str+2:     It affects your strength (+2).
   rElec:     It insulates you from electricity.
   rN+:       It protects you from negative energy.
   SInv:      It lets you see invisible.
   rCorr:     It protects you from acid and corrosion.
 u - the ring of the Hero (left hand) {rF+ Will- Str+5 Slay+5 Stlth+}
   (You found it on level 4 of the Lair of Beasts)

   [ring of protection from fire]

   Str+5:     It affects your strength (+5).
   Slay+5:    It affects your accuracy & damage with ranged weapons and melee
   (+5).
   rF+:       It protects you from fire.
   Will-:     It decreases your willpower.
   Stlth+:    It makes you more stealthy.
 D - an amulet of regeneration (around neck)
 N - a ring of protection from fire
Talismans
 n - a storm talisman
 P - a talisman of death (active)
Wands
 d - a wand of iceblast (56)
 r - a wand of light (59)
Scrolls
 g - 10 scrolls of vulnerability
 h - 17 scrolls of teleportation
 i - 4 scrolls of immolation
 j - 9 scrolls of poison
 k - 4 scrolls of revelation
 l - 8 scrolls of blinking
 m - 2 scrolls of silence
 A - 3 scrolls of torment
 E - 12 scrolls of fog
 F - 2 scrolls of noise
 O - 5 scrolls of fear
Potions
 b - 8 potions of lignification
 e - 8 potions of heal wounds
 q - a potion of berserk rage
 t - 6 potions of cancellation
 v - 7 potions of attraction
 w - 22 potions of curing
 z - 9 potions of enlightenment
 C - 4 potions of might
 G - 4 potions of ambrosia
 H - 4 potions of invisibility
 I - 15 potions of mutation
 J - 5 potions of resistance
 M - 3 potions of haste
 Q - 6 potions of magic
Miscellaneous
 R - the horn of Geryon
 U - a phial of floods


   Skills:
 O Level 27 Fighting
 - Level 17.1 Throwing
 + Level 10.1 Armour
 + Level 12.7 Dodging
 - Level 7.0 Stealth
 + Level 13.1 Shields
 + Level 25.7 Unarmed Combat
 - Level 12.0 Invocations
 - Level 23.0 Shapeshifting


You had 26 spell levels left.
You didn't know any spells.
Your spell library contained the following spells:

 Spells                   Type           Power      Damage    Failure   Level
 Apportation              Tloc           0%         N/A       100%        1
 Foxfire                  Conj/Fire      0%         2x1d4     100%        1
 Kiss of Death            Conj/Necr      0%         2d5       100%        1
 Necrotise                Necr           0%         1d4       100%        1
 Shock                    Conj/Air       0%         1d3       100%        1
 Sting                    Conj/Alch      0%         1d3       100%        1
 Cigotuvi's Dreadful Rot  Necr/Alch/Air  0%         N/A       100%        2
 Jinxbite                 Hex            0%         N/A       100%        2
 Lesser Beckoning         Tloc           0%         N/A       100%        2
 Mercury Vapours          Alch/Air       0%         N/A       100%        2
 Sublimation of Blood     Necr           0%         N/A       100%        2
 Confusing Touch          Hex            0%         N/A       100%        3
 Dazzling Flash           Conj/Hex       0%         N/A       100%        3
 Gell's Gravitas          Tloc           0%         N/A       100%        3
 Inner Flame              Hex/Fire       0%         N/A       100%        3
 Ozocubu's Armour         Ice            0%         N/A       100%        3
 Swiftness                Air            0%         N/A       100%        3
 Teleport Other           Tloc           0%         N/A       100%        3
 Volatile Blastmotes      Fire/Tloc      0%         2d10      100%        3
 Airstrike                Air            0%         2d(0-16)  100%        4
 Anguish                  Hex/Necr       0%         N/A       100%        4
 Brom's Barrelling Bould  Conj/Erth      0%         2d3       100%        4
 Dimensional Bullseye     Hex/Tloc       0%         N/A       100%        4
 Dispel Undead            Necr           0%         3d6       100%        4
 Flame Wave               Conj/Fire      0%         2d4       100%        4
 Ignite Poison            Fire/Alch      0%         N/A       100%        4
 Iskenderun's Mystic Bla  Conj/Tloc      0%         2d3       100%        4
 Leda's Liquefaction      Alch/Erth      0%         N/A       100%        4
 Olgreb's Toxic Radiance  Alch           0%         N/A       100%        4
 Petrify                  Alch/Erth      0%         N/A       100%        4
 Sticky Flame             Fire/Alch      0%         2d4       100%        4
 Alistair's Intoxication  Alch           0%         N/A       100%        5
 Arcjolt                  Conj/Air       0%         1d10      100%        5
 Borgnjor's Vile Clutch   Necr/Erth      0%         N/A       100%        5
 Fireball                 Conj/Fire      0%         3d3       100%        5
 Freezing Cloud           Conj/Ice/Air   0%         6-21      100%        5
 Irradiate                Conj/Alch      0%         3d11      100%        5
 Iskenderun's Battlesphe  Conj           0%         2d6       100%        5
 Lee's Rapid Deconstruct  Erth           0%         3d4*      100%        5
 Metabolic Englaciation   Hex/Ice        0%         N/A       100%        5
 Silence                  Hex/Air        0%         N/A       100%        5
 Conjure Ball Lightning   Conj/Air       0%         3x3d6     100%        6
 Eringya's Noxious Bog    Alch           0%         4d6       100%        6
 Plasma Beam              Fire/Air       0%         2x1d10    100%        6
 Starburst                Conj/Fire      0%         6d3       100%        6
 Orb of Destruction       Conj           0%         9d5       100%        7
 Ozocubu's Refrigeration  Ice            0%         4d7       100%        7
 Discord                  Hex            0%         N/A       100%        8
 Ignition                 Fire           0%         3d3       100%        8
 Lehudib's Crystal Spear  Conj/Erth      0%         10d2      100%        8
 Maxwell's Capacitive Co  Air            0%         ∞         100%        8
 Chain Lightning          Conj/Air       0%         N/A       100%        9
 Fire Storm               Conj/Fire      0%         5d1       100%        9
 Shatter                  Erth           0%         3d5*      100%        9
 Tukima's Dance           Hex            Unusable   N/A       N/A         3
 Animate Armour           Summ/Erth      Unusable   N/A       N/A         4
 Animate Dead             Necr           Unusable   N/A       N/A         4
 Summon Lightning Spire   Summ/Air       Unusable   N/A       N/A         4
 Death Channel            Necr           Unusable   N/A       N/A         6
 Sculpt Simulacrum        Ice/Alch       Unusable   N/A       N/A         6

Dungeon Overview and Level Annotations

Branches:
Dungeon (15/15)            Temple (1/1) D:5            Lair (5/5) D:9
 Shoals (4/4) Lair:3        Snake (4/4) Lair:3        Slime (0/5) Lair:4
    Orc (2/2) D:9             Elf (3/3) Orc:2        Vaults (5/5) D:14
  Crypt (0/3) Vaults:3     Depths (4/4) D:15           Hell (visited)
    Dis (0/7) Hell            Geh (0/7) Hell            Coc (0/7) Hell
    Tar (0/7) Hell            Zot (5/5) Depths:4    Gauntlet (visited)

Altars:
Ashenzari
Cheibriados
Dithmenos
Elyvilon
Fedhas
Gozag
Hepliaklqana
Kikubaaqudgha
Makhleb
Nemelex Xobeh
Okawaru
Qazlal
Ru
Sif Muna
Trog
Uskayaw
Vehumet
Wu Jian
Xom
Yredelemnul
Zin
The Shining One
Jiyva

Shops:
D:8 *!=[*   D:11 (   Orc:2 (*[(*   Elf:1 *   Elf:2 =   Elf:3 (   Snake:1 ([
Snake:3 *(*   Vaults:3 :   Vaults:4 (   Vaults:5 :   Depths:1 ::=   Depths:2 !
Depths:4 :*

Portals:
Hell: Lair:5 Depths:1 Depths:2 Depths:3 Depths:4
Abyss: Snake:1 Depths:3 Depths:4
Pandemonium: Depths:2 Depths:3

Annotations:
Snake:1 2 transporters, Razfen's ghost, adept GnWn


Innate Abilities, Weirdness & Mutations

You are an undying horror.
Your melee and unarmed attacks drain, slow and weaken victims.
You are immune to unholy pain and torment.
You cannot drink.
Your serpentine skin is tough. (AC +9)
You have supernaturally acute eyesight. (SInv)
Armour fits poorly on your strangely shaped body.
Your system is resistant to poisons. (rPois)
You cover ground very slowly.
You can spit poison.
You can use your snake-like lower body to constrict enemies.


Message History

Okawaru accepts your kill.
You constrict the demonspawn black sun.
You kill the demonspawn black sun!
Okawaru accepts your kill. You block the lorocyproca's attack.
You squash the lorocyproca like an ant!!!
You kill the lorocyproca!
Okawaru accepts your kill.
Aiming: Dig
Press: ? - help, Shift-Dir - straight line You can't see that place. [the floor.]
The rock shatters into small pieces.
Magic restored.
There is an open door here.
A green death comes into view.
You block the green death's attack.
There is an open door here.
You pound the green death into fine dust!!!
The green death decays.
You grab the green death.
The green death is heavily wounded.
You constrict the green death.
You hit the green death but do no damage.
The green death is severely wounded.
You constrict the green death. You pummel the green death!!
The green death decays.
The green death is almost dead.
You constrict the green death.
The green death hits you but does no damage.
You pummel the green death like a punching bag!!!!
You kill the green death!
Okawaru accepts your kill.
There is an open door here.
Aiming: Dig
Press: ? - help, Shift-Dir - straight line You can't see that place. [the floor.]
The rock shatters into small pieces.
The now-empty wand crumbles to dust.
There is a staircase leading out of the dungeon here.
You have escaped!

#......# #...####....# #......#
###...##.)..# #......#
###..#....# ...#'#######
##...#### ...#.#.....# ######
###.# ...#.#.....#
#.8#.########.## ...#.#.....#
#..........##..###
...#.#.....#####...8..8..8###....
####.'.....'....z.........'...###
######.....###.#...8..8..8#####
....##.....# #.#..........#
....##.....# #.#.8#.#######
....##.....# #.###### #######
(...##.....# #.# #.....#
....######## #.# #.....#
....##########.# #.....#
....'..........# #.....##


There were no monsters in sight!

Vanquished Creatures
  A pandemonium lord (Zot:5)
  8 dread liches
  4 ancient liches
  3 orbs of fire (Zot:5)
  A juggernaut (Depths:2)
  Xtahua (Vaults:4)
  Saint Roka (Depths:2)
  A shard shrike (Elf:1)
  Margery (Vaults:4)
  A caustic shrike (Depths:2)
  8 Killer Klowns
  Vashnia (Arena)
  A curse toe (Zot:2)
  Geryon (Hell)
  2 golden dragons
  A bone dragon (Abyss:2)
  3 hellephants
  2 electric golems (Zot:5)
  Jorgrun (D:13)
  29 Orb Guardians
  5 tentacled monstrosities
  13 liches
  A walking crystal tome (Depths:3)
  2 Hell Sentinels
  A deep elf master archer (Zig:11)
  A quicksilver dragon (Abyss:1)
  3 titans
  3 deep elf blademasters
  7 searing wretches
  Asterion (Depths:1)
  3 tentacled starspawn
  3 sphinxes
  3 death cobs
  7 ancient champions
  2 krakens (Shoals:1)
  10 storm dragons
  8 shadow dragons
  8 tengu reavers
  Kirke (Lair:3)
  Donald (Vaults:3)
  7 nagarajas
  A quicksilver ooze (shapeshifter) (Elf:2)
  2 revenants
  A draconian scorcher (Zot:2)
  6 draconian knights
  2 protean progenitors (Zot:2)
  3 draconian monks
  10 frost giants
  23 vault wardens
  9 fire giants
  A nargun (Zig:1)
  The ghost of TuffENuff the Formicid Cataclysm, a journeyman FoFi of Qazlal (D:15)
  The ghost of TuffENuff the Formicid Cataclysm, a journeyman FoFi of Qazlal (D:15)
  2 balrugs (Depths:4)
  6 draconian shifters
  A caustic shrike zombie (Hell)
  2 ghost moths
  The ghost of Purphixowk the Carver, a journeyman DsGl of Makhleb (D:15)
  The ghost of Xiestris the Carver, a journeyman DsGl of Makhleb (D:15)
  6 orc warlords
  6 curse skulls
  6 deep elf sorcerers
  4 deep elf elementalists
  2 cacodemons
  8 reapers (Hell)
  5 spectral caustic shrikes (Depths:2)
  25 ironbound preservers
  2 demonspawn corrupters
  6 draconian annihilators
  23 very ugly things
  24 stone giants
  7 deep elf death magi
  The ghost of peterlawrence the Bludgeoner, a journeyman MiFi of Okawaru (Lair:5)
  A demonspawn blood saint (Zot:5)
  4 black draconians
  5 ironbound thunderhulks
  3 formless jellyfish
  10 vampire knights
  The ghost of Yakesh the Fencer, a journeyman MiFi of Okawaru (D:15)
  12 green draconians
  2 demonspawn black suns
  A bunyip (Abyss:2)
  10 dire elephants
  A minotaur (Gauntlet)
  10 deep elf annihilators
  8 deep elf demonologists
  6 red draconians
  4 war gargoyles
  6 white draconians
  The ghost of Qelianenn the Grappler, a journeyman TrFi of Makhleb (Lair:2)
  8 spark wasps
  2 yellow draconians
  3 lorocyprocas
  13 purple draconians
  26 starcursed masses
  The ghost of scisormetimb3rs the Protected, a journeyman AtFi of the Shining One (Lair:2)
  An eidolon (Zig:7)
  11 ettins
  3 blizzard demons
  3 jiangshi (Depths:1)
  5 merfolk javelineers
  13 deep elf high priests
  3 green deaths
  2 fire dragons
  9 great orbs of eyes
  3 entropy weavers
  A crystal guardian (Hell)
  Josephine (D:10)
  17 yaktaur captains
  13 merfolk impalers
  The ghost of Zapai the Nimble, a journeyman DgAr (Lair:2)
  4 rakshasas
  43 vault guards
  A hydra (shapeshifter) (Elf:2)
  An ice dragon (shapeshifter) (Elf:2)
  16 ice dragons
  4 merfolk avatars
  5 ogre magi
  4 salamander tyrants
  3 catoblepae
  12 hydras
  2 peacekeepers
  3 spriggan air magi
  A jorogumo (shapeshifter) (Elf:1)
  2 alligator snapping turtles
  2 spriggan skeletons
  13 centaur warriors
  A stoker (Hell)
  13 anacondas
  7 merfolk aquamancers
  A sphinx skeleton (D:15)
  6 ironbound frosthearts
  12 naga warriors
  38 dancing weapons
  2 boulder beetles
  13 deep troll earth magi
  6 deep troll shamans
  17 two-headed ogres
  8 orc high priests
  2 demonic crawlers
  2 spriggan berserkers
  A spriggan (Depths:4)
  4 tengu warriors
  18 naga sharpshooters
  8 thrashing horrors
  7 vampire magi
  3 occultists
  4 death yaks
  Urug (D:10)
  A titan skeleton (Hell)
  7 soul eaters
  A storm dragon zombie (Abyss:2)
  12 hell knights
  5 crystal echidnas
  9 shock serpents
  29 deep elf knights
  9 sun demons
  5 skysharks
  Sonja (D:13)
  6 salamander mystics
  12 iron trolls
  Lodul (D:11)
  6 sixfirhies
  5 skeletal warriors
  3 shadow wraiths
  A fire crab (shapeshifter) (Depths:3)
  2 elf simulacra (Elf:1)
  2 skysharks (shapeshifter) (Elf:2)
  A storm dragon skeleton (D:15)
  4 wretched stars
  5 mana vipers
  4 shadow demons
  3 flayed ghosts
  10 large abominations
  A cherub (D:15)
  81 deep trolls
  A deep troll (shapeshifter) (Vaults:1)
  An anaconda zombie (Hell)
  9 sea snakes
  A snapping turtle (shapeshifter) (Elf:2)
  7 naga ritualists
  2 orange crystal statues (Hell)
  A kraken simulacrum (Hell)
  6 glowing orange brains
  9 harpies
  8 lindwurms (Vaults:1)
  A goliath frog (shapeshifter) (Elf:2)
  7 arcanists
  An anaconda skeleton (Hell)
  15 phantasmal warriors
  An iron dragon zombie (Hell)
  Pikel (D:8)
  15 deep elf archers
  A lindwurm (shapeshifter) (Vaults:5)
  34 deep elf zephyrmancers
  A steelbarb worm (shapeshifter) (Elf:2)
  38 deep elf pyromancers
  13 necromancers
  3 alligator zombies (Hell)
  29 ironbound convokers
  10 orc sorcerers
  10 orc knights
  22 ugly things
  12 cyclopes
  22 salamanders
  A cyclops (shapeshifter) (Vaults:5)
  Maurice (Orc:1)
  3 worldbinders (Abyss:2)
  A faun (Shoals:1)
  13 moths of wrath
  12 manticores
  35 black mambas
  18 vault sentinels
  10 water nymphs
  An elephant (shapeshifter) (Depths:3)
  4 apocalypse crabs (Abyss:2)
  4 merfolk sirens
  A frost giant skeleton (Vaults:3)
  22 naga magi
  6 kobold blastminers
  5 guardian serpents
  6 orange demons
  3 rust devils
  11 cane toads
  9 smoke demons
  19 elephants
  3 torpor snails
  A torpor snail (shapeshifter) (Vaults:5)
  A dire elephant skeleton (Hell)
  A gargoyle (D:10)
  A hellion (Depths:3)
  2 kobold demonologists (D:13)
  8 rime drakes
  5 komodo dragons
  A centaur skeleton (Abyss:2)
  2 minotaur zombies (Gauntlet)
  An unseen horror (D:11)
  A yaktaur (shapeshifter) (Elf:2)
  26 yaktaurs
  A tormentor (Abyss:2)
  10 trolls
  4 ancient zymes
  A spectral naga (Snake:4)
  2 efreet
  10 ice devils
  A tengu conjurer (Depths:3)
  5 freezing wraiths
  A wind drake (shapeshifter) (Vaults:1)
  2 anaconda simulacra (Hell)
  4 harpy zombies
  4 hellwings
  2 tyrant leeches (Zot:2)
  10 wind drakes
  8 polar bears
  29 merfolk
  6 red devils
  A tarantella (Vaults:4)
  A raiju (shapeshifter) (Vaults:1)
  The ghost of monsoonserge the Ducker, an amateur DjMo of Makhleb (D:6)
  6 hornets
  17 raiju
  An ettin zombie (Hell)
  7 snapping turtles
  Grinder (D:5)
  22 blink frogs
  An alligator simulacrum (Hell)
  A glass eye (Depths:2)
  A hydra skeleton (Hell)
  A human simulacrum (Vaults:2)
  12 slime creatures
  A dream sheep (shapeshifter) (Depths:3)
  17 dream sheep
  2 spriggan zombies
  A stone giant simulacrum (Hell)
  Sigmund (D:4)
  12 wraiths
  8 air elementals
  A culicivora (shapeshifter) (Depths:4)
  5 centaur simulacra
  A shadow (D:9)
  43 yaks
  A vampire (D:13)
  10 ynoxinuls
  Eustachio (D:6)
  35 water elementals
  8 wyverns
  7 fire elementals
  A basilisk (shapeshifter) (D:15)
  4 fire bats (Abyss:3)
  7 basilisks
  3 wargs
  2 hogs (Lair:3)
  2 elf skeletons
  20 humans
  3 redbacks
  A redback simulacrum (D:14)
  9 vampire mosquitoes
  3 neqoxecs
  8 chaos spawn
  44 nagas
  9 hell hounds
  11 water moccasins
  An ogre skeleton (Vaults:3)
  An acid dragon (D:13)
  A hydra simulacrum (Hell)
  A meliai simulacrum (D:14)
  36 orc warriors
  3 sky beasts
  6 black bears
  2 ice beasts (D:14)
  2 human zombies
  10 laughing skulls
  3 boggarts (Vaults:2)
  22 ogres
  9 centaurs
  15 wolves
  7 weeping skulls
  12 bullfrogs
  2 kobold brigands
  A brain worm (Abyss:2)
  A gnoll sergeant (D:7)
  An earth elemental (Zig:11)
  2 scorpions
  16 small abominations
  3 human skeletons
  14 wights
  A hornet simulacrum (Gauntlet)
  An elephant simulacrum (Lair:1)
  A killer bee (D:9)
  5 howler monkeys
  2 electric eels
  3 bombardier beetles
  4 quasits
  7 jellies
  34 orc priests
  A gnoll bouda (D:8)
  3 hounds
  2 iron imps
  3 sleepcaps
  4 iguanas (D:5)
  48 orc wizards
  A polar bear simulacrum (Lair:1)
  15 gnolls
  7 adders
  2 shadow imps
  5 white imps
  6 ufetubi
  5 dart slugs
  3 ribbon worms
  72 orcs
  10 ball pythons
  3 endoplasms
  4 giant cockroaches
  15 goblins
  8 hobgoblins
  3 jackals (D:4)
  6 quokkas
  10 bats
  3 frilled lizards
  14 kobolds
  4 rats
  An aspiring flesh (Zot:2)
  A creeping inferno (Hell)
  A starspawn tentacle (Abyss:3)
  8 tentacles
2569 creatures vanquished.

Vanquished Creatures (others)
  2 fire dragons (Abyss:3)
  An ogre mage (Abyss:3)
  A deep elf knight (Zig:8)
  A rust devil (Depths:3)
  An ice devil (Lair:5)
  A merfolk (Shoals:4)
  A fire bat (Abyss:3)
  4 chaos spawn (Abyss:3)
  A small abomination (Abyss:2)
  5 starspawn tentacles
  13 tentacles
31 creatures vanquished.

Grand Total: 2600 creatures vanquished

Notes
Turn   | Place    | Note
-------+----------+-------------------------------------------
     0 | D:1      | Bobbunny the Naga Shapeshifter began the quest for the Orb.
     0 | D:1      | Reached XP level 1. HP: 18/18 MP: 1/1
   190 | D:1      | Reached XP level 2. HP: 24/25 MP: 2/2
  1271 | D:2      | Reached skill level 2 in Fighting
  1271 | D:2      | Reached XP level 3. HP: 30/32 MP: 3/3
  1537 | D:2      | Reached XP level 4. HP: 35/39 MP: 4/4
  2885 | D:4      | Noticed Sigmund
  2893 | D:4      | Killed Sigmund
  2894 | D:4      | Reached skill level 3 in Fighting
  2894 | D:4      | Reached XP level 5. HP: 39/49 MP: 5/5
  2894 | D:4      | Reached XP level 6. HP: 44/56 MP: 6/6
  3380 | D:4      | Reached skill level 4 in Fighting
  3386 | D:4      | Identified 2 scrolls of acquirement
  3386 | D:4      | Acquired 1020 gold pieces
  3391 | D:4      | Reached skill level 5 in Unarmed Combat
  3391 | D:4      | Reached XP level 7. HP: 28/64 MP: 3/7
  3507 | D:4      | Acquired a manual of Fighting
  3856 | D:4      | Reached skill level 5 in Shapeshifting
  4095 | D:4      | Reached skill level 5 in Fighting
  4257 | D:5      | Entered Level 5 of the Dungeon
  4257 | D:5      | Found a stormy altar of Qazlal.
  4297 | D:5      | Reached skill level 6 in Fighting
  4297 | D:5      | Reached XP level 8. HP: 12/76 MP: 2/8
  4299 | D:5      | HP: 1/76 [burnt (6)]
  4626 | D:5      | Found a sacrificial altar of Ru.
  4703 | D:5      | Noticed Grinder
  4712 | D:5      | Paralysed by Grinder for 5 turns
  4720 | D:5      | Killed Grinder
  4721 | D:5      | Reached skill level 7 in Fighting
  4919 | D:5      | Found a staircase to the Ecumenical Temple.
  4935 | Temple   | Entered the Ecumenical Temple
  5323 | D:6      | Found a hide-covered altar of Uskayaw.
  5414 | D:6      | Reached skill level 8 in Fighting
  5442 | D:6      | Found a glowing silver altar of Zin.
  5604 | D:5      | Acquired a manual of Fighting
  5633 | D:6      | Reached XP level 9. HP: 64/86 MP: 6/9
  5664 | D:6      | Found a runed translucent door.
  5695 | D:6      | Noticed monsoonserge's ghost (amateur DjMo)
  5982 | D:6      | Noticed Eustachio
  6000 | D:6      | Killed Eustachio
  6123 | D:6      | You fall into a shaft and drop 2 floors!
  6146 | D:8      | Found Jadem's General Store.
  6152 | D:8      | Found Plog's Distillery.
  6155 | D:8      | Found Qaafeoh's Antique Armour Shoppe.
  6157 | D:8      | Bought a scroll of revelation for 82 gold pieces
  6157 | D:8      | Bought a scroll of identify for 22 gold pieces
  6157 | D:8      | Bought a potion of might for 44 gold pieces
  6157 | D:8      | Bought a scroll of identify for 22 gold pieces
  6158 | D:8      | Found Hirchewk's Assorted Antiques.
  6164 | D:8      | Reached skill level 9 in Fighting
  6277 | D:8      | Found Miwefag's Jewellery Emporium.
  6323 | D:8      | Bought a grey potion for 17 gold pieces
  6323 | D:8      | Bought a scroll labelled GIOCUFA HECA for 19 gold pieces
  6323 | D:8      | Bought a scroll labelled WIREUNT WIMPIU for 19 gold pieces
  6329 | D:8      | Bought a potion of ambrosia for 112 gold pieces
  6329 | D:8      | Bought a potion of enlightenment for 70 gold pieces
  6329 | D:8      | Bought a potion of invisibility for 112 gold pieces
  6329 | D:8      | Bought 2 potions of heal wounds for 140 gold pieces
  6329 | D:8      | Bought a potion of heal wounds for 70 gold pieces
  6329 | D:8      | Bought a potion of mutation for 112 gold pieces
  6329 | D:8      | Bought a potion of resistance for 140 gold pieces
  6329 | D:8      | Bought a potion of might for 56 gold pieces
  6724 | D:7      | Reached skill level 10 in Fighting
  7525 | D:7      | Found an iron altar of Okawaru.
  7536 | D:7      | Became a worshipper of Warmaster Okawaru
  7844 | D:8      | Reached skill level 11 in Fighting
  8006 | D:8      | Reached XP level 10. HP: 101/105 MP: 10/10
  8010 | D:8      | Reached * piety under Okawaru
  8013 | D:8      | Noticed Pikel
  8023 | D:8      | Reached skill level 12 in Fighting
  8035 | D:8      | Killed Pikel
  8522 | D:9      | Reached skill level 10 in Unarmed Combat
  8767 | D:9      | Reached skill level 1 in Invocations
  8814 | D:9      | Reached ** piety under Okawaru
  8815 | D:9      | Reached skill level 13 in Fighting
  9062 | D:9      | Noticed a two-headed ogre
  9072 | D:9      | Killed a two-headed ogre
  9263 | D:9      | Noticed a skeletal warrior
  9398 | D:9      | Reached XP level 11. HP: 78/118 MP: 8/13
  9661 | D:9      | Found a staircase to the Lair.
  9784 | D:9      | Noticed a deep elf zephyrmancer
  9788 | D:9      | Killed a deep elf zephyrmancer
  9788 | D:9      | Reached *** piety under Okawaru
  9789 | D:9      | Reached skill level 14 in Fighting
  9871 | D:9      | Found a staircase to the Orcish Mines.
 10107 | D:9      | Noticed a skeletal warrior
 10113 | D:9      | Noticed a skeletal warrior
 10119 | D:9      | Killed a skeletal warrior
 10125 | D:9      | Killed a skeletal warrior
 10126 | D:9      | Reached skill level 5 in Invocations
 10389 | D:9      | Killed a skeletal warrior
 10564 | D:10     | Entered Level 10 of the Dungeon
 10602 | D:10     | Noticed Josephine
 10702 | Lair:1   | Entered Level 1 of the Lair of Beasts
 10783 | Lair:1   | Reached **** piety under Okawaru
 11057 | Lair:1   | Reached skill level 15 in Fighting
 11109 | Lair:1   | Noticed a death yak
 11120 | Lair:1   | Killed a death yak
 11265 | Lair:1   | Identified the ring "Torug" {*Slow rPois MP+9 Str+4 Int+2}
 11581 | Lair:1   | Reached ***** piety under Okawaru
 11582 | Lair:1   | Reached XP level 12. HP: 115/132 MP: 13/15
 11961 | Lair:1   | Reached skill level 16 in Fighting
 12348 | Lair:1   | Received a gift from Okawaru
 12686 | Lair:2   | Noticed a four-headed hydra
 12694 | Lair:2   | Killed a four-headed hydra
 13368 | Lair:2   | Reached skill level 17 in Fighting
 13387 | Lair:2   | Noticed a catoblepas
 13399 | Lair:2   | Killed a catoblepas
 13400 | Lair:2   | Reached skill level 10 in Shapeshifting
 13680 | Lair:2   | Found a runed translucent gate.
 13681 | Lair:2   | Found a runed translucent gate.
 13682 | Lair:2   | Found a runed translucent gate.
 13687 | Lair:2   | Noticed scisormetimb3rs's ghost (journeyman AtFi)
 13687 | Lair:2   | Noticed Qelianenn's ghost (journeyman TrFi)
 13687 | Lair:2   | Noticed Zapai's ghost (journeyman DgAr)
 13774 | Lair:2   | Received a gift from Okawaru
 13902 | Lair:2   | Noticed a five-headed hydra
 14200 | Lair:2   | Killed a five-headed hydra
 14201 | Lair:2   | Gained mutation: You can use your snake-like lower body to
                  | constrict enemies. [Naga growth]
 14201 | Lair:2   | Reached XP level 13. HP: 132/145 MP: 14/16
 14743 | Lair:1   | Reached skill level 18 in Fighting
 14837 | D:6      | Killed monsoonserge's ghost
 15208 | Lair:3   | Received a gift from Okawaru
 15642 | Lair:3   | Noticed Kirke
 15648 | Lair:3   | Noticed a sphinx
 15652 | Lair:3   | Killed Kirke
 15653 | Lair:3   | Reached skill level 1 in Throwing
 16069 | Lair:3   | Found a staircase to the Shoals.
 16277 | Lair:3   | Received a gift from Okawaru
 16473 | Lair:3   | Found a staircase to the Snake Pit.
 16948 | Lair:4   | Found a gate leading to a gauntlet.
 16968 | Gauntlet | Entered a Gauntlet
 16968 | Gauntlet | Found a transporter.
 16968 | Gauntlet | Found a transporter.
 17040 | Gauntlet | Found a runed translucent door.
 17050 | Gauntlet | Found a transporter.
 17052 | Gauntlet | Found a transporter.
 17052 | Gauntlet | Found a transporter.
 17053 | Gauntlet | Found a transporter.
 17113 | Gauntlet | Identified the ring of the Castellan {rN+ rCorr Str+3 Int-2
                  | Slay+4 Stlth+}
 17128 | Gauntlet | Found a transporter.
 17129 | Gauntlet | Found a transporter.
 17132 | Gauntlet | Found a transporter.
 17132 | Gauntlet | Found a transporter.
 17166 | Gauntlet | Reached skill level 5 in Throwing
 17252 | Gauntlet | Found the +2 cloak of the Thief {*Fog Slay-2 SInv Stlth+}
 17252 | Gauntlet | Found a transporter.
 17323 | Gauntlet | Found a transporter.
 17334 | Gauntlet | Noticed a minotaur
 17339 | Gauntlet | Killed a minotaur
 17339 | Gauntlet | Reached ****** piety under Okawaru
 17340 | Gauntlet | Reached skill level 19 in Fighting
 17340 | Gauntlet | Acquired a +4 battleaxe of flaming
 17340 | Gauntlet | Received a gift from Okawaru
 17361 | Gauntlet | Received a gift from Okawaru
 17438 | Lair:4   | Acquired the +2 barding "Culucaj" {rC++ Will+ Regen+}
 17438 | Lair:4   | Received a gift from Okawaru
 17755 | Lair:4   | Found a viscous altar of Jiyva.
 17765 | Lair:4   | Found a staircase to the Slime Pits.
 17821 | Lair:4   | Identified the ring of the Hero {rF+ Will- Str+5 Slay+5
                  | Stlth+}
 17967 | Lair:4   | Reached XP level 14. HP: 147/159 MP: 17/17
 18119 | Lair:5   | Entered Level 5 of the Lair of Beasts
 18507 | Lair:4   | Acquired 767 gold pieces
 18682 | D:8      | Bought the +1 cloak of Starlight {*Dazzle EV+4 Stlth--} for
                  | 884 gold pieces
 18682 | D:8      | Found the +1 cloak of Starlight {*Dazzle EV+4 Stlth--}
 18886 | Lair:5   | Received a gift from Okawaru
 18975 | Lair:5   | Found a large runed translucent door.
 19469 | Lair:5   | Received a gift from Okawaru
 19544 | Lair:5   | Found a large runed translucent door.
 19547 | Lair:5   | Noticed peterlawrence's ghost (journeyman MiFi)
 19671 | Lair:5   | Reached skill level 20 in Fighting
 19713 | Lair:5   | Killed peterlawrence's ghost
 20111 | Lair:5   | Reached skill level 15 in Unarmed Combat
 20263 | Lair:5   | Received a gift from Okawaru
 20542 | Lair:5   | Found a burning altar of Makhleb.
 20894 | Lair:5   | Found a gateway to Hell.
 20901 | Lair:5   | Identified the +4 glaive of Raigaite {holy, rElec rPois
                  | Int-5 Dex-2}
 21281 | Orc:1    | Entered Level 1 of the Orcish Mines
 21358 | Orc:1    | Noticed Maurice
 21367 | Orc:1    | Maurice stole 14 silver javelins
 21369 | Orc:1    | Killed Maurice
 21483 | Orc:1    | Reached XP level 15. HP: 170/170 MP: 18/18
 21491 | Orc:1    | Received a gift from Okawaru
 21644 | Orc:1    | Paralysed by an orc sorcerer for 5 turns
 22303 | Orc:2    | Entered Level 2 of the Orcish Mines
 22305 | Orc:2    | Found a staircase to the Elven Halls.
 22478 | Orc:2    | Found Wijoud's General Store.
 22491 | Orc:2    | Bought a scroll of fear for 40 gold pieces
 22505 | Orc:2    | Reached skill level 1 in Shields
 23160 | Orc:2    | Received a gift from Okawaru
 23188 | Orc:2    | Found Filenuy's Weapon Shoppe.
 23188 | Orc:2    | Found Gehir's Assorted Antiques.
 23192 | Orc:2    | Found Akarilof's Antique Weapon Emporium.
 23199 | Orc:2    | Found Hoysho Viof's Armour Shoppe.
 23256 | Orc:2    | Bought a scroll of blinking for 240 gold pieces
 23634 | D:10     | Killed Josephine
 23921 | D:10     | Noticed Urug
 23926 | D:10     | Killed Urug
 24377 | D:11     | Noticed Lodul
 24388 | D:11     | Killed Lodul
 24388 | D:11     | Received a gift from Okawaru
 24527 | D:11     | Found Ungierhe's Antique Weapon Shop.
 25310 | D:12     | Reached skill level 21 in Fighting
 25630 | D:8      | Bought an amulet of regeneration for 450 gold pieces
 25630 | D:8      | Bought a ring of protection from fire for 375 gold pieces
 25790 | D:13     | Noticed Jorgrun
 25796 | D:13     | Killed Jorgrun
 26260 | D:13     | Found a shadowy altar of Dithmenos.
 26351 | D:13     | Noticed Sonja
 26355 | D:13     | Killed Sonja
 26419 | D:14     | Received a gift from Okawaru
 26592 | D:14     | Reached skill level 5 in Shields
 26616 | D:14     | Identified the dragon-blood talisman of Instinct {+Blink}
 26967 | D:14     | Reached XP level 16. HP: 177/182 MP: 19/19
 27004 | D:14     | Received a gift from Okawaru
 27032 | D:14     | Found a gate to the Vaults.
 27202 | D:14     | Found a gateway to a bazaar.
 27522 | Bazaar   | Entered a bazaar
 27526 | Bazaar   | Found Ilotal's Jewellery Boutique.
 27547 | Bazaar   | Found Onaff's Antique Armour Emporium.
 27569 | Bazaar   | Found Ibecvuh's Book Boutique.
 27589 | Bazaar   | Found Ariaf's Antique Weapon Shoppe.
 27616 | Bazaar   | Bought a ring of willpower for 300 gold pieces
 27633 | Bazaar   | Bought a spiked plate armour for 728 gold pieces
 27633 | Bazaar   | Identified the +8 plate armour "Cunaiq" {Int+3} (You bought
                  | it in a shop in a bazaar)
 27707 | D:15     | Entered Level 15 of the Dungeon
 27790 | D:15     | Found Jelar's Armour Shop.
 28003 | D:15     | Found a staircase to the Depths.
 28189 | D:15     | Received a gift from Okawaru
 28561 | D:15     | Found a runed translucent gate.
 28561 | D:15     | Found a runed translucent gate.
 28561 | D:15     | Found a runed translucent gate.
 28563 | D:15     | Noticed Purphixowk's ghost (journeyman DsGl)
 28563 | D:15     | Noticed TuffENuff's ghost (journeyman FoFi)
 28563 | D:15     | Noticed Xiestris's ghost (journeyman DsGl)
 28602 | D:15     | Noticed Yakesh's ghost (journeyman MiFi)
 28603 | D:15     | Noticed TuffENuff's ghost (journeyman FoFi)
 28619 | D:15     | Killed Xiestris's ghost
 28630 | D:15     | Killed Purphixowk's ghost
 28640 | D:15     | Killed TuffENuff's ghost
 28649 | D:15     | Killed TuffENuff's ghost
 28662 | D:15     | Killed Yakesh's ghost
 28919 | Lair:2   | Killed scisormetimb3rs's ghost
 28929 | Lair:2   | Killed Zapai's ghost
 28935 | Lair:2   | Killed Qelianenn's ghost
 28946 | Lair:2   | Identified the +5 great mace "Killer Klown's Peril" {heavy,
                  | rF+ Dex+6}
 28958 | Lair:2   | Upgraded the game from 0.31.0-9-g3a7656b989 to
                  | 0.31.0-10-gcf4a605ca0
 29051 | Snake:1  | Entered Level 1 of the Snake Pit
 29055 | Snake:1  | Noticed a nagaraja
 29097 | Snake:1  | Found a transporter.
 29118 | Snake:1  | Noticed a tentacled starspawn
 29119 | Snake:1  | Noticed Razfen's ghost (adept GnWn)
 29197 | Snake:1  | Found a transporter.
 29198 | Snake:1  | Found a one-way gate to the infinite horrors of the Abyss.
 29238 | Snake:1  | Found Qinow's Weapon Boutique.
 29377 | Snake:1  | Received a gift from Okawaru
 29378 | Snake:1  | Found Xaip's Armour Boutique.
 29403 | Snake:1  | Found a blossoming altar of Fedhas.
 29406 | Snake:1  | Bought a +0 pair of gloves of hurling for 184 gold pieces
 29634 | Snake:2  | Reached skill level 22 in Fighting
 29862 | Snake:2  | Reached skill level 5 in Dodging
 29945 | Snake:2  | Reached XP level 17. HP: 183/192 MP: 22/22
 29950 | Snake:2  | Found a shimmering altar of Xom.
 30238 | Snake:2  | Received a gift from Okawaru
 30338 | Snake:2  | Noticed Vashnia
 30354 | Arena    | Entered the Arena
 30361 | Arena    | Killed Vashnia
 30828 | Snake:3  | Received a gift from Okawaru
 31103 | Snake:3  | Reached skill level 1 in Stealth
 31266 | Snake:3  | Found Vohuanie's Assorted Antiques.
 31271 | Snake:3  | Found Lyrrouju's Weapon Emporium.
 31284 | Snake:3  | Bought a scroll of fear for 124 gold pieces
 31458 | Snake:3  | Found Mihefyad's Gadget Gallery.
 31747 | Snake:3  | Received a gift from Okawaru
 31810 | Snake:4  | Entered Level 4 of the Snake Pit
 32407 | Snake:4  | Received a gift from Okawaru
 32513 | Snake:4  | Reached skill level 5 in Stealth
 32671 | Snake:4  | Reached XP level 18. HP: 178/204 MP: 24/24
 32989 | Snake:4  | Received a gift from Okawaru
 33199 | Snake:4  | Got a serpentine rune of Zot
 33680 | Shoals:1 | Entered Level 1 of the Shoals
 33773 | Shoals:1 | Received a gift from Okawaru
 34120 | Shoals:1 | Reached skill level 23 in Fighting
 34143 | Shoals:1 | Reached skill level 10 in Invocations
 34374 | Shoals:2 | Found the +4 skin of Zhor {*Englaciate rC+++ SInv}
 34946 | Shoals:3 | Reached skill level 10 in Throwing
 35322 | Shoals:3 | Received a gift from Okawaru
 35704 | Shoals:4 | Entered Level 4 of the Shoals
 35782 | Shoals:4 | Paralysed by an air elemental for 1 turns
 35828 | Shoals:4 | Reached XP level 19. HP: 161/213 MP: 24/26
 35906 | Shoals:4 | Paralysed by an air elemental for 1 turns
 35914 | Shoals:4 | Paralysed by an air elemental for 1 turns
 36103 | Shoals:4 | Identified the +0 tower shield of Asceticism {rPois rN+
                  | Dex-3 Slay+2}
 36107 | Shoals:4 | Received a gift from Okawaru
 36215 | Shoals:4 | Paralysed by an air elemental for 1 turns
 36310 | Shoals:4 | Paralysed by an air elemental for 1 turns
 36482 | Shoals:4 | Got a barnacled rune of Zot
 36595 | Shoals:4 | Identified the ring "Omoopn" {rPois Int+6}
 37055 | Vaults:1 | Entered Level 1 of the Vaults
 37317 | Vaults:1 | Received a gift from Okawaru
 37521 | Vaults:1 | Reached skill level 24 in Fighting
 37562 | Vaults:1 | Received a gift from Okawaru
 37801 | Vaults:1 | Reached XP level 20. HP: 225/225 MP: 27/27
 37871 | Vaults:1 | Received a gift from Okawaru
 38109 | Vaults:1 | Identified the amulet "Roton" {Reflect rPois Dex+2 SH+5}
 38188 | Vaults:1 | Received a gift from Okawaru
 38287 | Vaults:1 | Identified the +7 sling of the Four Tales {heavy, rC-
                  | Str+9}
 38298 | Vaults:1 | Got the Incunabulum of the Quake
 38521 | Vaults:1 | Identified the +5 ring mail of Lilacs {rPois Str-4 Stlth+}
 39388 | Vaults:2 | Received a gift from Okawaru
 39496 | Vaults:2 | Reached skill level 10 in Shields
 39829 | Vaults:2 | Acquired a manual of Throwing
 40209 | Vaults:2 | Received a gift from Okawaru
 40219 | Vaults:2 | Reached skill level 25 in Fighting
 40680 | Vaults:3 | Noticed Donald
 40687 | Vaults:3 | Killed Donald
 40720 | Vaults:3 | Reached XP level 21. HP: 173/237 MP: 26/28
 40830 | Vaults:3 | Found Jucishrorch's Book Shop.
 41173 | Vaults:3 | Received a gift from Okawaru
 42110 | Vaults:3 | Found a staircase to the Crypt.
 42110 | Vaults:3 | Found a basalt altar of Yredelemnul.
 42111 | Vaults:3 | Found an ancient bone altar of Kikubaaqudgha.
 42232 | Vaults:4 | Noticed Margery
 42243 | Vaults:4 | Killed Margery
 42401 | Vaults:4 | Received a gift from Okawaru
 42606 | Vaults:4 | Noticed Xtahua
 42613 | Vaults:4 | Killed Xtahua
 43225 | Vaults:4 | Received a gift from Okawaru
 43415 | Vaults:4 | Found Paacoruug's Antique Weapon Emporium.
 43898 | Snake:3  | Bought a wand of digging (7) for 911 gold pieces
 43898 | Snake:3  | Bought a potion of cancellation for 248 gold pieces
 43937 | Snake:3  | Bought a wand of light (8) for 604 gold pieces
 43937 | Snake:3  | Bought a wand of light (4) for 302 gold pieces
 44292 | Vaults:5 | Entered Level 5 of the Vaults
 44308 | Vaults:5 | Reached XP level 22. HP: 249/249 MP: 23/31
 44331 | Vaults:5 | Identified the ring of Joy {rElec rN+ Str+3 Int+6 Slay+2}
 44351 | Vaults:4 | Reached skill level 26 in Fighting
 44441 | Vaults:4 | Received a gift from Okawaru
 44868 | Vaults:5 | Identified the +8 great sword "Zicsogac" {chaos, ^Fragile
                  | rC+ Int+3 Stlth+}
 44884 | Vaults:5 | Noticed a dread lich
 44893 | Vaults:5 | Killed a dread lich
 44967 | Vaults:5 | Reached skill level 15 in Throwing
 45025 | Vaults:5 | Identified the +2 shortbow of the Modern Realms {antimagic,
                  | rF+ Dex+2}
 45070 | Vaults:5 | Noticed an ancient lich
 45071 | Vaults:5 | Received a gift from Okawaru
 45086 | Vaults:5 | Killed an ancient lich
 45152 | Vaults:5 | HP: 5/236 [yaktaur captain/bolt (36)]
 45453 | Vaults:5 | Reached skill level 27 in Fighting
 45482 | Vaults:5 | Identified the ring "Bubbil" {Fly Will- Str+8 Dex-5}
 45491 | Vaults:5 | Received a gift from Okawaru
 45563 | Vaults:5 | Found Raod Yme's Book Shoppe.
 45712 | Vaults:5 | Reached XP level 23. HP: 262/262 MP: 32/32
 45749 | Vaults:5 | Got a silver rune of Zot
 45978 | Vaults:5 | Got the Elucidation of Lethal Venom
 46048 | Vaults:5 | Noticed an ancient lich
 46053 | Vaults:5 | Killed an ancient lich
 46182 | Vaults:5 | Found the +11 Singing Sword {sonic wave}
 46806 | Elf:1    | Entered Level 1 of the Elven Halls
 46849 | Elf:1    | Noticed a shard shrike
 46849 | Elf:1    | Found the +8 frozen axe "Frostbite" {freeze, freezing
                  | cloud, *Noise Fly rC+}
 46929 | Elf:1    | Killed a shard shrike
 47003 | Elf:1    | Received a gift from Okawaru
 47100 | Elf:1    | Found Pesor's Assorted Antiques.
 47122 | Elf:1    | Bought a scroll of blinking for 285 gold pieces
 47122 | Elf:1    | Bought 2 potions of attraction for 228 gold pieces
 47265 | Elf:1    | Paralysed by an air elemental for 1 turns
 47709 | Elf:1    | Identified the maw talisman of Cocytus {rC- rN++ Str+4}
 47777 | Elf:2    | Found a huge runed translucent gate.
 47777 | Elf:2    | Found a huge runed translucent gate.
 47777 | Elf:2    | Found a huge runed translucent gate.
 47777 | Elf:2    | Found a huge runed translucent gate.
 47796 | Elf:2    | Found a huge runed translucent gate.
 47796 | Elf:2    | Found a huge runed translucent gate.
 47796 | Elf:2    | Found a huge runed translucent gate.
 47797 | Elf:2    | Found a huge runed translucent gate.
 47797 | Elf:2    | Found a huge runed translucent gate.
 47797 | Elf:2    | Found a huge runed translucent gate.
 47797 | Elf:2    | Found a huge runed translucent gate.
 47798 | Elf:2    | Found a huge runed translucent gate.
 47798 | Elf:2    | Found a huge runed translucent gate.
 47799 | Elf:2    | Found a huge runed translucent gate.
 47800 | Elf:2    | Found a huge runed translucent gate.
 47801 | Elf:2    | Found a huge runed translucent gate.
 47802 | Elf:2    | Found a huge runed translucent gate.
 47803 | Elf:2    | Found a huge runed translucent gate.
 47803 | Elf:2    | Found a huge runed translucent gate.
 47810 | Elf:2    | Found a huge runed translucent gate.
 47811 | Elf:2    | Found a huge runed translucent gate.
 47812 | Elf:2    | Found a huge runed translucent gate.
 47812 | Elf:2    | Found a huge runed translucent gate.
 47828 | Elf:2    | Found a huge runed translucent gate.
 47828 | Elf:2    | Found a huge runed translucent gate.
 47833 | Elf:2    | Found a huge runed translucent gate.
 47834 | Elf:2    | Found a huge runed translucent gate.
 47834 | Elf:2    | Found a huge runed translucent gate.
 47834 | Elf:2    | Found a huge runed translucent gate.
 47834 | Elf:2    | Found a huge runed translucent gate.
 47837 | Elf:2    | Found a huge runed translucent gate.
 47838 | Elf:2    | Found a huge runed translucent gate.
 47840 | Elf:2    | Found a huge runed translucent gate.
 47840 | Elf:2    | Found a huge runed translucent gate.
 47895 | Elf:1    | Received a gift from Okawaru
 48100 | Elf:2    | Found a runed translucent gate.
 48101 | Elf:2    | Found a runed translucent gate.
 48101 | Elf:2    | Found a runed translucent gate.
 48460 | Elf:2    | Found Xilidiusch's Jewellery Shop.
 48956 | Elf:2    | Received a gift from Okawaru
 49295 | Elf:3    | Entered Level 3 of the Elven Halls
 49498 | Elf:3    | Reached XP level 24. HP: 191/272 MP: 32/32
 49903 | Elf:3    | Found Duoth's Weapon Shoppe.
 50046 | Elf:3    | Identified the ring of Gugin {rElec rF- rN+ rCorr}
 50053 | Elf:3    | Received a gift from Okawaru
 50084 | Elf:3    | Identified the ring of Temptation {rElec rN+ rCorr Str+2
                  | SInv}
 50090 | Elf:3    | Identified the quicksilver dragon scales of the Harvest
                  | Moon {+Blink Will+ Int-2 SInv Stlth+}
 50113 | Elf:3    | Reached skill level 15 in Shapeshifting
 50266 | Elf:3    | Got the Opusculum on Metallic Concussion
 50280 | Elf:3    | Identified the +3 orcbow "Spiderbane" {heavy, rN++ Int+3}
 50366 | Elf:3    | Identified the -1 cloak "Ikuqom" {SInv}
 50826 | Depths:1 | Entered Level 1 of the Depths
 50841 | Depths:1 | Received a gift from Okawaru
 51019 | Depths:1 | Noticed Asterion
 51027 | Depths:1 | Killed Asterion
 51048 | Depths:1 | Identified the ring of the Princeling {Ice rN++ Will+ Dex+3
                  | SInv}
 51377 | Depths:1 | Reached skill level 10 in Dodging
 51501 | Depths:1 | Received a gift from Okawaru
 51576 | Depths:1 | Found Lyacetesch's Jewellery Shoppe.
 51576 | Depths:1 | Found Tugg's Book Boutique.
 51577 | Depths:1 | Found Apneuc's Book Boutique.
 51585 | Depths:1 | Bought a talisman of death for 1600 gold pieces
 51984 | Depths:2 | Found a one-way gate leading to the halls of Pandemonium.
 52018 | Depths:2 | Found Lutelur's Distillery.
 52026 | Depths:2 | Bought a potion of mutation for 168 gold pieces
 52226 | Depths:2 | Found a glowing silver altar of Zin.
 52617 | Depths:2 | Found a blossoming altar of Fedhas.
 52703 | Depths:2 | Noticed a juggernaut
 52704 | Depths:2 | Noticed a caustic shrike
 52710 | Depths:2 | Killed a juggernaut
 52716 | Depths:2 | Killed a caustic shrike
 52717 | Depths:2 | Reached XP level 25. HP: 203/280 MP: 28/32
 52722 | Depths:2 | Received a gift from Okawaru
 52880 | Depths:2 | Noticed Saint Roka
 52891 | Depths:2 | Killed Saint Roka
 53045 | Depths:3 | Identified the +7 long sword "Plog" {vamp, *Slow rElec
                  | Will+}
 53174 | Depths:3 | Found a shimmering altar of Xom.
 53787 | Depths:3 | Received a gift from Okawaru
 54428 | Depths:4 | Entered Level 4 of the Depths
 54428 | Depths:4 | Found a one-way gateway to a ziggurat.
 54459 | Depths:4 | Found a hide-covered altar of Uskayaw.
 54656 | Depths:4 | Found Izaph's Book Shoppe.
 54817 | Depths:4 | Found Oshramp's General Store.
 54822 | Depths:4 | Bought a potion of haste for 240 gold pieces
 54822 | Depths:4 | Bought 2 potions of mutation for 384 gold pieces
 54841 | Depths:4 | Received a gift from Okawaru
 54949 | Depths:4 | Found a gate to the Realm of Zot.
 55120 | Hell     | Entered the Vestibule of Hell
 55120 | Hell     | Noticed Geryon
 55147 | Hell     | Killed Geryon
 55757 | Hell     | Received a gift from Okawaru
 55857 | Hell     | Found a gateway to the freezing wastes of Cocytus.
 55863 | Hell     | Reached XP level 26. HP: 290/290 MP: 32/32
 56185 | Hell     | Found a gateway to the decaying netherworld of Tartarus.
 56257 | Hell     | Found a gateway to the ashen valley of Gehenna.
 56328 | Hell     | Found a gateway to the Iron City of Dis.
 56556 | Zot:1    | Entered Level 1 of the Realm of Zot
 56833 | Depths:4 | Voluntarily entered the Abyss.
 56833 | Abyss:1  | Found a corrupted altar of Lugonu.
 57204 | Abyss:1  | Received a gift from Okawaru
 57255 | Abyss:2  | Found a corrupted altar of Lugonu.
 57921 | Depths:4 | Escaped the Abyss
 58674 | Depths:4 | Voluntarily entered the Abyss.
 58674 | Abyss:2  | Found a corrupted altar of Lugonu.
 58674 | Abyss:2  | Found a corrupted altar of Lugonu.
 58674 | Abyss:2  | Found a corrupted altar of Lugonu.
 58732 | Abyss:2  | Found a corrupted altar of Lugonu.
 58743 | Abyss:2  | Found a corrupted altar of Lugonu.
 58743 | Abyss:2  | Found a corrupted altar of Lugonu.
 58747 | Abyss:3  | Found a corrupted altar of Lugonu.
 58945 | Abyss:3  | Received a gift from Okawaru
 58946 | Abyss:3  | Reached skill level 1 in Armour
 59020 | Abyss:3  | Noticed a dread lich
 59030 | Abyss:3  | Killed a dread lich
 59049 | Abyss:3  | Got an abyssal rune of Zot
 59056 | Depths:4 | Escaped the Abyss
 59074 | Zig:1    | Entered Level 1 of a ziggurat
 59089 | Zig:2    | Entered Level 2 of a ziggurat
 59213 | Zig:3    | Entered Level 3 of a ziggurat
 59226 | Zig:3    | Identified the ring of Jiax {Fire Will++ MP+9 Str+3}
 59239 | Zig:4    | Entered Level 4 of a ziggurat
 59271 | Zig:4    | Identified the staff of Irrepressible Laughter {rN+ Necro
                  | Air Earth}
 59279 | Zig:5    | Entered Level 5 of a ziggurat
 59316 | Zig:5    | Identified the staff of the Little People {rF+ MP+9 Str-2
                  | Int+4 Conj Fire}
 59321 | Zig:6    | Entered Level 6 of a ziggurat
 59323 | Zig:6    | Found the +0 mask of the Dragon {Will+ Slay+3 SInv}
 59324 | Zig:6    | Noticed a dread lich
 59330 | Zig:6    | Reached XP level 27. HP: 250/298 MP: 27/32
 59332 | Zig:6    | Killed a dread lich
 59332 | Zig:6    | Received a gift from Okawaru
 59381 | Zig:6    | Got the Octavo of Conduction
 59400 | Zig:7    | Entered Level 7 of a ziggurat
 59441 | Zig:7    | Identified the +7 spear of Thoughtfulness {holy, rF+
                  | Stlth+}
 59455 | Zig:7    | Reached skill level 5 in Armour
 59463 | Zig:8    | Entered Level 8 of a ziggurat
 59470 | Zig:8    | Paralysed by an air elemental for 1 turns
 59546 | Zig:8    | Identified the +0 ring mail of Damp Wonder {rElec Slay-6
                  | SInv}
 59565 | Zig:9    | Entered Level 9 of a ziggurat
 59588 | Zig:9    | Found the +7 lajatang of Order {silver, rMut}
 59625 | Zig:9    | Identified the +0 ring mail of Oily Happiness {*Corrode rC+
                  | SInv Stlth+}
 59629 | Zig:9    | Identified the +1 ring mail of Dramatic Exits {rPois Regen+
                  | MP+9 Str-5}
 59650 | Zig:10   | Entered Level 10 of a ziggurat
 59715 | Zig:10   | Identified the +6 flail "Jaun" {flame, Str-4 Dex+8}
 59734 | Zig:11   | Entered Level 11 of a ziggurat
 59849 | Zig:11   | Identified the +0 short sword of the Forgotten Friends
                  | {elec, *Rage ^Fragile rN+++ rCorr}
 59856 | Zig:11   | Got the Thoughts on Hapless Esoterica
 59859 | Zig:11   | Identified the +4 ring mail of Purpose {Harm *Corrode
                  | Regen+}
 59965 | Zot:2    | Received a gift from Okawaru
 60605 | Zot:4    | Received a gift from Okawaru
 60765 | Zot:5    | Entered Level 5 of the Realm of Zot
 61451 | Zot:5    | Received a gift from Okawaru
 61486 | Zot:5    | Noticed a dread lich
 61491 | Zot:5    | Noticed an orb of fire
 61493 | Zot:5    | Killed a dread lich
 61498 | Zot:5    | Noticed a dread lich
 61502 | Zot:5    | Killed an orb of fire
 61502 | Zot:5    | Noticed a dread lich
 61503 | Zot:5    | Killed a dread lich
 61509 | Zot:5    | Killed a dread lich
 61538 | Zot:5    | Noticed an orb of fire
 61554 | Zot:5    | Killed an orb of fire
 61629 | Zot:5    | Noticed an ancient lich
 61641 | Zot:5    | Killed an ancient lich
 61641 | Zot:5    | Received a gift from Okawaru
 61777 | Zot:5    | Noticed an ancient lich
 61785 | Zot:5    | Killed an ancient lich
 61816 | Zot:5    | Noticed a dread lich
 61817 | Arena    | Entered the Arena
 61820 | Arena    | Killed a dread lich
 61836 | Zot:5    | Noticed an orb of fire
 61973 | Zot:5    | Received a gift from Okawaru
 62016 | Zot:5    | Noticed a dread lich
 62020 | Zot:5    | Killed an orb of fire
 62029 | Zot:5    | Killed a dread lich
 62132 | Zot:5    | Got the Orb of Zot
 62160 | Zot:5    | Noticed Keefruej the pandemonium lord
 62179 | Zot:5    | Killed Keefruej the pandemonium lord
 62294 | Zot:3    | Received a gift from Okawaru
 62399 | Depths:3 | Reached skill level 10 in Armour
 62533 | D:15     | Noticed Gorphoza the pandemonium lord
 62600 | D:11     | Noticed Meafygu the pandemonium lord
 62831 | D:$      | Escaped with the Orb!

Illustrated notes

Levels and vault maps discovered:
D:1:      elethiomel_arrival_quiet, layout_basic
D:2:      wad_river_or_something, layout_rooms
D:3:      layout_basic, minmay_stone_trees_medium
D:4:      minmay_opposing_rooms, layout_cave_pools,
          nicolae_kite_square_tiling_tiny, abandoned_shop, uniq_sigmund
D:5:      layout_basic, nicolae_ru_great_annihilating_truth,
          grunt_qazlal_sundering, minmay_temple_entry_stoned_glass, uniq_grinder
D:6:      layout_cave_pools, minitemple, ebering_ghost_reflecting_pool,
          minmay_statues_item, uniq_eustachio
D:7:      layout_rooms, okawaru_altar_gauntlet_db
D:8:      layout_loops_ring, nicolae_shop_national_dungeon_mall, uniq_pikel
D:9:      minmay_inner_zag, layout_loops_ring, lair_entry_dummy, david_orc_5,
          minmay_misc_feat_doors, guppyfry_early_elven_hall
D:10:     layout_loops_ring, uniq_urug, uniq_josephine
D:11:     layout_long_grid, serial_shops, shop, uniq_lodul
D:12:     layout_roguey
D:13:     layout_layer_cave, grunt_dithmenos_smoke_and_mirrors, uniq_sonja,
          uniq_jorgrun
D:14:     layout_basic, grunt_vaults_entry_tiered, serial_ice, serial_ice_h,
          serial_ice_b, serial_ice_m, serial_ice_a, serial_ice_g, serial_ice_j,
          serial_ice_o, serial_ice_n, serial_shops, statue_bzr
D:15:     gammafunk_depths_entry_grave, layout_small_grid, nicolae_sextant,
          serial_shops, shop, gammafunk_ghost_cemetery
Temple:   minmay_temple_bridge_d
Lair:1:   dreamdust_isle_of_ice, layout_loops_ring, enter_volcano_3,
          beast_lair_carwin_4
Lair:2:   layout_gridlike, gammafunk_ghost_cemetery, grunt_megastairs_2
Lair:3:   layout_cave_pods, elwin_shoals_entry_rocks,
          alex1729_snake_entry_snake, kennysheep_catoblepas_arena,
          lemuel_fruit_tree, uniq_kirke
Lair:4:   layout_regular_city, nicolae_slime_entry_field_trip,
          gauntlet_entry_generic, serial_bayou_shore_b
Lair:5:   evil_forest, layout_regular_city, ebering_ghost_disaster_area,
          infiniplex_staircase_pool
Shoals:1: nicolae_shoals_lighthouse, layout_shoals,
          nicolae_shoals_nymph_descending_staircase
Shoals:2: layout_shoals
Shoals:3: layout_shoals, argonaut_gorgonesque
Shoals:4: shoals_end_hellmonk_storm_palace [storm_palace_center_circular,
          storm_palace_corner_grid, storm_palace_corner_reverse_hut,
          storm_palace_corner_grid, storm_palace_corner_blocked]
Snake:1:  layout_misc_corridors, serial_shops,
          nicolae_shop_bloodbath_and_beyond, shop_statue, basic_altar,
          gammafunk_ghost_abyssal_escape, st_stairs_14
Snake:2:  layout_layer_cave, basic_altar, nicolae_snake_springs, uniq_vashnia
Snake:3:  layout_cave_town, nicolae_shop_gadgets, minmay_shop_star
Snake:4:  snake_pit, layout_cave_town, nicolae_snake_ghostly_warrior_ritual
Orc:1:    layout_caves, einodemon_armed_red_devil_minivault, uniq_maurice
Orc:2:    st_orc_mages, layout_caves, serial_shops,
          nicolae_shop_tiny_waterfront, nicolae_orc_found_a_spring,
          bh_open_orc_temple
Elf:1:    minmay_coctagon, layout_geoelf_diagonals, serial_shops,
          nicolae_shop_just_a_little_nook, minmay_elf_annihilation
Elf:2:    nicolae_elf_blades_crystal_corner, layout_loops_corners, serial_shops,
          shop, not_door_vault_due
Elf:3:    minmay_elf_hall_not_hex, layout_loops_ring, serial_shops,
          nicolae_shop_rolling_square
Vaults:1: v_pattern_5, st_greater_box_5, nicolae_vaults_mitosis,
          nicolae_vaults_little_squares_3, v_misc_13,
          hangedman_vaults_restitches, nicolae_vaults_tetromino_T_2,
          nicolae_vaults_closet_pinwheel_5, nicolae_vaults_angled_halls,
          serial_ice_b, nicolae_vaults_border_crossing,
          hangedman_vaults_capsules, nicolae_vaults_trapezoid_1,
          layout_vaults_omnibox
Vaults:2: nicolae_vaults_murder_corner, vaults_dpeg_doors, minmay_orc_keep,
          nicolae_vaults_closet_pinwheel_2, v_rooms_5,
          nicolae_vaults_sealed_display, nicolae_vaults_more_shelving_2,
          nicolae_vaults_rhombus_6, nicolae_vaults_house_2,
          ontoclasm_vaults_ring_small, hangedman_vaults_corner, v_misc_19,
          nicolae_vaults_ring_of_whatevers, nicolae_vaults_little_squares_3,
          vaults_room_semicircle, layout_vaults_omnicross
Vaults:3: minmay_crypt_entry_necro_gods, hangedman_vaults_stretched_pinwheel,
          nicolae_vaults_network_quincunx
          [nicolae_vaults_network_quincunx_subvault,
          nicolae_vaults_network_quincunx_subvault,
          nicolae_vaults_network_quincunx_subvault,
          nicolae_vaults_network_quincunx_subvault,
          nicolae_vaults_network_quincunx_subvault],
          vaults_mumra_minichess_inversion, nicolae_vaults_hexular_roomagon,
          vaults_dpeg_cross, nicolae_vaults_circle_grid_b,
          nicolae_vaults_little_squares_6, nicolae_vaults_heart-shaped_vault,
          nicolae_vaults_shelves_hall, nicolae_vaults_storage_closets_1,
          nicolae_vaults_house_2, nicolae_vaults_little_guard_posts,
          vaults_room_corners, nicolae_vaults_trapezoid_2,
          nicolae_vaults_tetromino_Z_1, nicolae_vaults_tetromino_L_1,
          layout_vaults_chaotic_city, serial_shops,
          nicolae_shop_tiny_statue_garden, uniq_donald
Vaults:4: nicolae_vaults_double_plus_2, hangedman_vaults_maws,
          nicolae_vaults_double_plus_1, nicolae_vaults_tetromino_Z_2,
          dpeg_vaults_monster_box, nicolae_vaults_minivaults, v_misc_3,
          nicolae_vaults_little_squares_6, v_misc_17, vaults_room_fancy_cross,
          layout_vaults_omnigrid, serial_shops, shop, uniq_margery, uniq_xtahua
Vaults:5: serial_shops
Depths:1: layout_basic, hell_entry, chequers_big_river, minmay_misc_feat_plants,
          amcnicky_mini_pool_small, nicolae_zig_zag_zippers, minmay_shop_grove,
          uniq_asterion
Depths:2: minmay_the_grid_triangle_9x9_rhombus_thin
          [minmay_the_grid_triangle_9x9_windchime,
          minmay_the_grid_triangle_9x9_prize_center,
          minmay_the_grid_triangle_9x9_zippers_horizontal,
          minmay_the_grid_triangle_9x9_shrine], layout_gridlike, pan_entry,
          pf_hell_entry_tar_river, serial_shops, nicolae_diamond_shop,
          zin_angel, hangedman_abyss_or_decor_stabs, uniq_saint_roka
Depths:3: minmay_triangles_in_corner, layout_honeycomb, serial_sigils,
          serial_sigils_hangedman_confine, serial_sigils_hangedman_etch,
          serial_sigils_hangedman_carve, serial_sigils_hangedman_snap,
          rand_demon_pan_entry_8, hell_entry, reono_crystal_passage,
          abyss_entry, xom_teletrap_fun, infiniplex_staircase_zigzag_5
Depths:4: evilmike_zot_entry_diamond, layout_honeycomb, enter_ziggurat_d,
          lightli_too_deep, abyss_entry, lemuel_doored_altar, serial_shops,
          nicolae_shop_advertising_works [nicolae_subvault_shop_adworks],
          nicolae_shop_crystal
Hell
Zot:1:    layout_basic, regret_index_zotdec_twisting_globes
Zot:2:    cheibrodos_zot_enchanting_chambers, layout_basic, st_stairs_3,
          hangedman_zot_gyre, st_small_dragon_hoard_5
Zot:3:    layout_gridlike, regret_index_zotdec_plus
Zot:4:    layout_onion
Zot:5:    layout_twisted_circle

Skill      XL: |  1  2  3  4  5  6  7  8  9 10 11 12 13 14 15 16 17 18 19 20 21 22 23 24 25 26 27 |
---------------+----------------------------------------------------------------------------------+-----
Fighting       | 2 3 4 6 8 11 13 15 17 19 20 21 22 23 24 25 27 | 27.0
Unarmed Combat | 4 5 7 9 10 11 13 15 16 17 18 19 20 21 22 25 | 25.7
Shapeshifting  | 4 5 6 7 8 10 14 17 20 23 | 23.0
Invocations    | 3 5 7 8 10 12 | 12.0
Throwing       | 5 6 8 10 12 16 17 | 17.1
Shields        | 5 8 10 13 | 13.1
Dodging        | 5 7 10 12 | 12.7
Stealth        | 5 7 |  7.0
Armour         | 3 10 | 10.1

Action                     |  1- 3 |  4- 6 |  7- 9 | 10-12 | 13-15 | 16-18 | 19-21 | 22-24 | 25-27 || total
---------------------------+-------+-------+-------+-------+-------+-------+-------+-------+-------++-------
  Melee: Unarmed           |   112 |   124 |   275 |   491 |   778 |   937 |   741 |   696 |  1478 ||  5632
         Punch             |     1 |     1 |    11 |     2 |    35 |       |       |       |       ||    50
         Constrict         |       |       |       |       |   176 |   250 |   203 |   171 |   313 ||  1113
         Maw               |       |       |       |       |   124 |   433 |   365 |   307 |   224 ||  1453
  Throw: Javelin           |       |     1 |    11 |     2 |     9 |     8 |    88 |    93 |   140 ||   352
         Boomerang         |       |       |     5 |    18 |    12 |   120 |   126 |   169 |   175 ||   625
         Dart              |       |       |     1 |     6 |     1 |       |       |     1 |     3 ||    12
 Invoke: Heroism           |       |       |       |     4 |     5 |     3 |     4 |     1 |       ||    17
         Receive Weapon    |       |       |       |       |     1 |       |       |       |       ||     1
         Receive Armour    |       |       |       |       |     1 |       |       |       |       ||     1
         Finesse           |       |       |       |       |     1 |     5 |     5 |     2 |    14 ||    27
         Duel              |       |       |       |       |       |     1 |       |       |     1 ||     2
Ability: Spit Poison       |     1 |     9 |    10 |     7 |     2 |       |       |       |       ||    29
         Siphon Essence    |       |       |       |       |       |       |       |       |     3 ||     3
  Evoke: Wand              |       |     3 |    14 |    11 |       |     5 |     3 |       |    16 ||    52
    Use: Scroll            |       |     3 |     8 |     7 |     9 |       |     8 |     6 |    16 ||    57
         Potion            |       |       |     2 |     2 |     2 |       |     1 |       |     8 ||    15
   Stab: Sleeping          |     2 |     2 |       |       |       |       |     6 |     5 |     1 ||    16
         Paralysed         |       |       |     1 |       |       |       |       |       |     2 ||     3
         Invisible         |       |       |       |     1 |    10 |    18 |     6 |     5 |     9 ||    49
         Distracted        |       |       |       |       |       |       |     2 |     2 |     4 ||     8
         Confused          |       |       |       |       |       |       |     1 |       |       ||     1
 Armour: Animal skin       |    81 |    30 |       |       |       |       |       |       |       ||   111
         Ring mail         |       |    48 |       |       |       |       |       |       |       ||    48
         Plate armour      |       |    13 |   404 |   382 |   294 |       |       |       |    94 ||  1187
         Skin              |       |       |       |    10 |   265 |   521 |   512 |   472 |   297 ||  2077
         Ice dragon scales |       |       |       |       |    12 |       |       |       |       ||    12
         Gold dragon scale |       |       |       |       |       |       |       |       |   621 ||   621
  Dodge: Dodged            |    50 |    44 |    84 |   168 |   579 |   471 |   283 |   225 |   336 ||  2240
  Block: Buckler           |       |       |       |       |    81 |     7 |       |       |       ||    88
         Kite shield       |       |       |       |       |       |   448 |   370 |   421 |   828 ||  2067
         Reflection        |       |       |       |       |       |       |    39 |    71 |    23 ||   133
   Form: Blade             |       |       |       |     1 |     7 |       |       |       |       ||     8
         Flux              |       |       |       |     1 |     1 |       |       |       |       ||     2
                           |       |       |       |       |     4 |     1 |       |       |     2 ||     7
         Serpent           |       |       |       |       |     2 |       |       |       |       ||     2
         Beast             |       |       |       |       |     1 |       |       |       |       ||     1
         Maw               |       |       |       |       |     1 |     1 |       |       |     1 ||     3
         Dragon            |       |       |       |       |       |       |       |       |     1 ||     1
         Death             |       |       |       |       |       |       |       |       |     3 ||     3
